Match 47257192
Unlisted

Match 47257192
End
Selects Special Operations Battlegroup
Selects M29 Weasel Recon Vehicle
M29 Weasel Recon Vehicle
Construct Barracks
Riflemen Squad
Riflemen Squad
Riflemen Squad
Grenade Package
Infantry Support Center
Engineer Squad
Construct Weapon Support Center
M3 Armored Personnel Carrier
M1918 Browning Automatic Rifles
Selects Smoke Screen
Smoke Screen
Smoke Screen
Selects P-47 Anti-Infantry Loiter
Selects UNKNOWN (2162291)
Construct Tank Depot
Riflemen Squad
M4A1 Sherman Whizbang
Selects SSF Commando Squad
M4A1 Sherman Whizbang
Tzeh
6block
ryan.cullen_20
Good day
KypSer
Cappie
Malashenko out
Na_Orbite
0
0

Comments sign in to comment!

No comments posted yet!